 Dungeon Crawl Stone Soup version 0.29.1-1-gd02db6906a (webtiles) character file.

Game seed: 7909540996311854136

10183 RevDB the Protected (level 11, -7/99 HPs)
             Began as a Minotaur Fighter on Sept 15, 2022.
             Was a Priest of Qazlal.
             Mangled by a two-headed ogre
             ... wielding a +0 giant club
              (25 damage)
             ... on level 10 of the Dungeon.
             The game lasted 00:59:03 (10511 turns).

RevDB the Protected (Minotaur Fighter)             Turns: 10511, Time: 00:59:04

Health: -7/99      AC: 20    Str: 24    XL:     11   Next: 32%
Magic:  13/13      EV: 11    Int:  5    God:    Qazlal [***...]
Gold:   580        SH:  8    Dex: 11    Spells: 10/10 levels left

rFire   + . .      SeeInvis .   U - +1 morningstar (protect)
rCold   + + .      Faith    .   y - orb {light}
rNeg    . . .      Spirit   .   r - +0 chain mail
rPois   .          Reflect  +   (helmet restricted)
rElec   .          Harm     .   V - scarf {rC+ rF+}
rCorr   .          Rampage  .   (no gloves)
Will    .....                   u - +0 pair of boots
Stlth   ..........              K - amulet of reflection
HPRegen 0.26/turn               j - ring of flight
MPRegen 0.13/turn               x - ring of protection from cold

@: under a protective aura, flying, glowing
A: horns 2, retaliatory headbutt
a: Renounce Religion, Upheaval, Elemental Force


You were on level 10 of the Dungeon.
You worshipped Qazlal.
Qazlal was most pleased with you.
You visited 2 branches of the dungeon, and saw 11 of its levels.
You also visited: Sewer and Bailey.

You collected 580 gold pieces.

Inventory:

Hand Weapons
 C - a +3 flail
 I - a +0 whip of electrocution
 U - a +1 morningstar of protection (weapon)
Missiles
 a - 14 boomerangs
 i - 116 stones
 t - 36 poisoned darts
 E - 4 javelins
 W - a curare-tipped dart (quivered)
 Z - a throwing net
Armour
 r - a +0 chain mail (worn)
 u - a +0 pair of boots (worn)
 w - a +0 leather armour of cold resistance
 y - an orb of light (worn)
 T - +0 acid dragon scales
 V - a scarf of resistance (worn)
Jewellery
 j - a ring of flight (left hand)
 x - a ring of protection from cold (right hand)
 B - a ring of wizardry
 F - a ring of fire
 K - an amulet of reflection (around neck)
Wands
 S - a wand of iceblast (13)
Scrolls
 b - a scroll of enchant weapon {unknown}
 e - 3 scrolls of poison
 k - 2 scrolls of vulnerability {unknown}
 l - 2 scrolls of blinking {unknown}
 n - 4 scrolls of teleportation
 p - a scroll of identify
 v - 2 scrolls of acquirement {unknown}
 z - a scroll of magic mapping {unknown}
 D - 3 scrolls of noise
 G - a scroll of fear {unknown}
 O - a scroll of torment {unknown}
 Q - 3 scrolls of summoning {unknown}
 R - 3 scrolls of fog {unknown}
 X - a scroll of brand weapon {unknown}
Potions
 d - a potion of might
 f - a potion of degeneration {unknown}
 g - 3 potions of resistance {unknown}
 h - 9 potions of heal wounds
 m - 6 potions of curing
 o - 7 potions of flight
 q - 3 potions of mutation {unknown}
 s - a potion of invisibility
 A - 2 potions of attraction {unknown}
 H - a potion of magic {unknown}
 J - 2 potions of berserk rage {unknown}
 L - 2 potions of haste {unknown}
 M - a potion of brilliance {unknown}
 N - 2 potions of lignification {unknown}
 P - a potion of cancellation {unknown}
 Y - a potion of ambrosia {unknown}
Miscellaneous
 c - a phial of floods


   Skills:
 - Level 10.0 Fighting
 - Level 10.0 Maces & Flails
 - Level 5.0 Throwing
 + Level 10.3 Armour
 - Level 8.0 Dodging
 - Level 7.1 Shields
 - Level 5.0 Invocations


You had 10 spell levels left.
You didn't know any spells.
Your spell library contained the following spells:

 Spells                   Type           Power      Damage    Failure   Level
 Apportation              Tloc           0%         N/A       95%         1
 Magic Dart               Conj           0%         1d3       95%         1
 Necrotise                Necr           0%         1d4       95%         1
 Summon Small Mammal      Summ           0%         N/A       95%         1
 Call Imp                 Summ           0%         N/A       99%         2
 Dazzling Flash           Conj/Hex       0%         N/A       100%        3
 Mephitic Cloud           Conj/Pois/Air  0%         N/A       100%        3
 Corpse Rot               Necr/Pois/Air  0%         N/A       100%        4
 Dispel Undead            Necr           0%         3d6       100%        4
 Iskenderun's Mystic Bla  Conj/Tloc      0%         2d3       100%        4
 Death Channel            Necr           0%         N/A       100%        6
 Starburst                Conj/Fire      0%         6d3       100%        6


Dungeon Overview and Level Annotations

Branches:
Dungeon (10/15)            Temple (1/1) D:5            Lair (0/5) D:10
  Sewer (visited)          Bailey (visited)
    Orc: D:9-12

Altars:
Ashenzari
Cheibriados
Elyvilon
Fedhas
Hepliaklqana
Qazlal
Ru
Sif Muna
Trog
Uskayaw
Vehumet
Wu Jian
Xom
Yredelemnul
The Shining One

Shops:
D:9 (


Innate Abilities, Weirdness & Mutations

You have a pair of horns on your head.
You reflexively headbutt those who attack you in melee.


Message History

Qazlal accepts your kill. The troll barely misses you. You furiously retaliate!
You headbutt the troll! The troll barely misses you.
The troll completely misses you.
You bludgeon the hound!!
You kill the hound!
Qazlal accepts your kill. You block the wolf's attack.
The wolf pauses to sniff the water.
You block the wolf's attack.
The troll is engulfed in freezing vapours.
You block the troll's attack. The troll claws you but does no damage.
You block the troll's attack. The troll attacks as you move away!
You block the troll's attack. x2
The troll barely misses you. You block the wolf's attack.
The wolf splashes around in the water.
The troll is engulfed in freezing vapours.
You sock the troll!
You kill the troll!
Qazlal accepts your kill. You block the wolf's attack.
The two-headed ogre hits you with a +0 giant club!
* * * LOW HITPOINT WARNING * * *
The two-headed ogre barely misses you.
You hit the two-headed ogre. You headbutt the two-headed ogre!
The two-headed ogre is moderately wounded.
You block the wolf's attack.
The wolf splashes around in the water.
The two-headed ogre hits you with a +0 giant club.
* * * LOW HITPOINT WARNING * * *
You block the two-headed ogre's attack.
You impale the two-headed ogre!!
The two-headed ogre is severely wounded.
You block the wolf's attack.
A wolf comes into view.
The wolf closely misses you. You furiously retaliate!
You headbutt the wolf.
The wolf howls!
You sock the two-headed ogre!
The two-headed ogre is severely wounded.
The wolf bites you but does no damage.
The two-headed ogre hits you with a +0 giant club!!
You die...

...........................
...........................
...........................
...................≈~~~~~~.
...............~....≈≈≈≈≈≈~
...................~~≈≈≈≈≈~
.................~~~≈≈≈≈≈≈≈
..........h....○~.~≈≈≈≈≈≈~≈
...............○@h~~≈o~~.~.
...............☼~O≈≈≈~.....
.................†~≈≈..>...
...............~~~.≈~~....
...)..............~~~..~.
..).............~..≈~~~.~
.........#........~~≈~~~~
........###.......~..~≈~.
.........#......~~~..~...


You could see a two-headed ogre, an orc warrior and 2 wolves.

Vanquished Creatures
  2 vault guards (Bailey)
  3 two-headed ogres
  A wizard (D:10)
  A manticore (D:10)
  Maggie (D:7)
  A troll (D:10)
  Prince Ribbit (Bailey)
  Grinder (D:3)
  A wraith (D:10)
  3 humans (Bailey)
  Menkaure (D:6)
  4 water moccasins
  An orc warrior (D:8)
  A sky beast (D:7)
  A wolf (D:10)
  An ogre (D:6)
  2 centaurs
  3 phantoms
  3 kobold brigands
  A wyvern zombie (D:6)
  11 bullfrogs
  5 scorpions
  A gnoll sergeant (D:9)
  A water moccasin zombie (D:6)
  2 necrophages
  3 wights (D:9)
  3 killer bees (D:9)
  An electric eel (D:10)
  4 howler monkeys
  A crimson imp (D:10)
  A centaur zombie (D:6)
  5 hounds
  3 gnoll boudas
  7 orc priests
  3 centaur skeletons (D:6)
  3 jellies
  A bullfrog skeleton (D:6)
  3 iguanas
  Natasha (D:3)
  12 orc wizards
  A merfolk siren (Sewer)
  A killer bee zombie (D:6)
  A merfolk avatar (Sewer)
  Robin (D:3)
  10 adders
  16 gnolls
  4 river rats
  A shadow imp (D:8)
  3 ufetubi
  5 worms
  5 dart slugs
  34 orcs
  7 endoplasms
  10 giant cockroaches
  9 hobgoblins
  5 jackals (D:1)
  21 kobolds
  6 quokkas
  3 training dummies (D:9)
  14 ball pythons
  7 bats
  6 frilled lizards
  18 goblins
  28 rats
  A bush (D:10)
321 creatures vanquished.

Vanquished Creatures (others)
  9 fungi (D:5)
  4 plants
  3 withered plants (D:6)
16 creatures vanquished.

Grand Total: 337 creatures vanquished

Notes
Turn   | Place    | Note
-------+----------+-------------------------------------------
     0 | D:1      | RevDB the Minotaur Fighter began the quest for the Orb.
     0 | D:1      | Reached XP level 1. HP: 19/19 MP: 0/0
   142 | D:1      | Reached XP level 2. HP: 26/26 MP: 1/1
   565 | D:1      | Reached XP level 3. HP: 27/31 MP: 2/2
   809 | D:2      | Found a faded altar of an unknown god.
  1111 | D:2      | Reached skill level 5 in Maces & Flails
  1445 | D:3      | Identified the ring of Ilulex {Ice SInv}
  1462 | D:3      | Reached XP level 4. HP: 36/39 MP: 3/3
  1562 | D:3      | Noticed Grinder
  1562 | D:3      | Paralysed by Grinder for 5 turns
  1575 | D:3      | Paralysed by Grinder for 3 turns
  1580 | D:3      | Killed Grinder
  1581 | D:3      | Reached XP level 5. HP: 19/45 MP: 4/4
  1581 | D:3      | Reached XP level 6. HP: 21/51 MP: 5/5
  1778 | D:3      | Noticed Robin
  1864 | D:3      | Killed Robin
  2094 | D:3      | Noticed Natasha
  2239 | D:3      | Killed Natasha
  2240 | D:3      | Reached skill level 5 in Fighting
  2463 | D:4      | Reached XP level 7. HP: 63/63 MP: 6/6
  2493 | D:4      | Found a glowing drain.
  2506 | Sewer    | Entered a sewer
  2688 | Sewer    | Reached skill level 1 in Throwing
  2983 | Sewer    | Identified the +6 long sword of Resourcefulness {drain,
                  | *Noise rPois rF++ Str+3}
  3061 | D:4      | Reached skill level 5 in Armour
  3603 | D:4      | Reached XP level 8. HP: 68/70 MP: 7/7
  3640 | D:4      | Found a shimmering blue altar of Sif Muna.
  3696 | D:5      | Entered Level 5 of the Dungeon
  4123 | D:5      | Reached skill level 1 in Dodging
  4306 | D:5      | Found a staircase to the Ecumenical Temple.
  4320 | Temple   | Entered the Ecumenical Temple
  4486 | Temple   | Became a worshipper of Qazlal Stormbringer
  5330 | D:6      | Reached XP level 9. HP: 67/82 MP: 8/8
  5405 | D:6      | Noticed Menkaure
  5410 | D:6      | Killed Menkaure
  5955 | D:6      | Found a shimmering altar of Xom.
  6928 | D:7      | Reached skill level 10 in Fighting
  7268 | D:7      | Noticed Maggie
  7288 | D:7      | Killed Maggie
  7878 | D:7      | Reached skill level 5 in Dodging
  8021 | D:7      | Reached * piety under Qazlal
  8321 | D:8      | Reached skill level 5 in Shields
  8620 | D:8      | Reached XP level 10. HP: 90/93 MP: 9/9
  8708 | D:8      | Found a hazy altar of Hepliaklqana.
  8764 | D:9      | Noticed a two-headed ogre
  8775 | D:8      | Killed a two-headed ogre
  8782 | D:9      | Reached ** piety under Qazlal
  8848 | D:9      | Found a flagged portal.
  8881 | Bailey   | Entered a bailey
  9064 | Bailey   | Noticed a vault guard
  9079 | Bailey   | Killed a vault guard
  9098 | Bailey   | Noticed a vault guard
  9098 | Bailey   | Noticed Prince Ribbit
  9106 | Bailey   | Killed Prince Ribbit
  9109 | Bailey   | HP: 4/93 [vault guard/+0 broad axe (20)]
  9167 | Bailey   | Killed a vault guard
  9168 | Bailey   | Reached skill level 10 in Maces & Flails
  9529 | D:9      | Found Rutsigen's Firing Range.
  9828 | D:10     | Entered Level 10 of the Dungeon
  9851 | D:10     | Found a blossoming altar of Fedhas.
  9966 | D:10     | Noticed a wizard
  9974 | D:10     | Killed a wizard
  9975 | D:10     | Reached skill level 5 in Invocations
  9975 | D:10     | Reached XP level 11. HP: 99/99 MP: 13/13
 10021 | D:10     | Noticed a two-headed ogre
 10027 | D:10     | Killed a two-headed ogre
 10052 | D:10     | Found a bloodstained altar of Trog.
 10063 | D:10     | Noticed a two-headed ogre
 10069 | D:10     | Killed a two-headed ogre
 10070 | D:10     | Reached skill level 5 in Throwing
 10086 | D:10     | HP: 4/99 [manticore (1)]
 10087 | D:10     | Reached *** piety under Qazlal
 10470 | D:10     | Noticed a two-headed ogre
 10489 | D:10     | Found a staircase to the Lair.
 10503 | D:10     | Reached skill level 10 in Armour
 10511 | D:10     | Mangled by a two-headed ogre

Illustrated notes

Levels and vault maps discovered:
D:1:      minmay_arrival_checkered_box, layout_basic, nrook_uturn,
          serial_bayou_lagoon_a, chequers_serial_rivers_small_a,
          minmay_pentomino_s2
D:2:      layout_loops_ring, basic_ecumenical_altar,
          nicolae_elevator_lobby_asterisk
D:3:      wander_river, layout_loops_ring, uniq_natasha, uniq_robin,
          uniq_grinder
D:4:      nicolae_cairo_tiling_large_dashed, layout_gridville,
          lemuel_blue_sif_altar, lightli_sewer_entry_pipes
D:5:      layout_loops_ring, minmay_temple_entry_ruins, serial_aquarium,
          aquarium_bridge_square [aquarium_subvault_window,
          aquarium_subvault_bridge, aquarium_subvault_balcony,
          aquarium_subvault_bridge], aquarium_bridge_straight
          [aquarium_subvault_bridge, aquarium_subvault_window,
          aquarium_subvault_bridge, aquarium_subvault_wall], aquarium_window_2,
          aquarium_window_fake, aquarium_window_corridor_1, aquarium_view_2d,
          aquarium_view_2c, aquarium_balcony_3b
D:6:      layout_layer_cave, mainiacjoe_overflow_24_doors, serial_undead,
          serial_undead_d, serial_undead_f, serial_undead_d, serial_undead_a,
          serial_undead_e, serial_undead_a, uniq_menkaure
D:7:      layout_loops_cross, nrook_campfire, serial_bayou_crossing, uniq_maggie
D:8:      layout_basic, worldfamousw_hep_ancestral_shrine,
          hangedman_decor_riveting
D:9:      layout_small_grid, enter_bailey_5, nicolae_shop_firing_range
D:10:     layout_big_octagon, lemuel_doored_altar,
          fedhas_bush_and_centaur_altar, nicolae_overflow_hallway_of_the_gods,
          erik_lair_island, lightli_wizard_tower
Temple:   jpeg_temple_alley_garden

Skill      XL: |  1  2  3  4  5  6  7  8  9 10 11 |
---------------+----------------------------------+-----
Maces & Flails | 3 4 5 7 8 9 10 | 10.0
Fighting       | 6 8 10 | 10.0
Armour         | 7 8 9 10 | 10.3
Throwing       | 2 4 5 |  5.0
Dodging        | 2 6 8 |  8.0
Shields        | 5 7 |  7.1
Invocations    | 5 |  5.0

Action                   |  1- 3 |  4- 6 |  7- 9 | 10-12 || total
-------------------------+-------+-------+-------+-------++-------
Melee: Flail             |   110 |   103 |   155 |       ||   368
       Headbutt          |    17 |    17 |    86 |    56 ||   176
       Whip              |       |       |   176 |       ||   176
       Morningstar       |       |       |    63 |   202 ||   265
Throw: Dart              |       |       |       |     1 ||     1
       Throwing net      |       |       |       |     1 ||     1
Invok: Upheaval          |       |       |       |     2 ||     2
  Use: Scroll            |     1 |       |       |     3 ||     4
       Potion            |       |       |       |     2 ||     2
Armor: Scale mail        |    44 |    32 |    28 |       ||   104
       Chain mail        |       |       |   130 |    74 ||   204
Dodge: Dodged            |    56 |    30 |   128 |    89 ||   303
Block: Buckler           |    26 |       |       |       ||    26
       Orb               |       |       |    41 |    89 ||   130
       Reflection        |       |       |     1 |     9 ||    10
